 Dungeon Crawl Stone Soup version 0.27.0-1-g7a089689b8 (webtiles) character file.

Game seed: 17805380050137365750

135 SnakkuSnakku7 the Digger (level 5, -6/35 HPs)
             Began as a Barachi Earth Elementalist on Aug 6, 2021.
             Mangled by an iguana (10 damage)
             ... on level 3 of the Dungeon.
             The game lasted 00:03:13 (1793 turns).

SnakkuSnakku7 the Digger (BaEE)                     Turns: 1793, Time: 00:03:13

Health: -6/35      AC:  2    Str:  8 (10) XL:     5   Next: 18%
Magic:  7/8        EV: 12    Int: 14 (16) God:
Gold:   48         SH:  0    Dex: 11 (12) Spells: 4/8 levels left

rFire    . . .     SeeInvis .   e - +2 dagger (vamp)
rCold    . . .     Faith    .   (no shield)
rNeg     . . .     Spirit   .   b - +0 robe
rPois    .         Reflect  .   (no helmet)
rElec    .         Harm     .   (no cloak)
rCorr    .         Rampage  .   (no gloves)
Will     .....                  (no boots)
Stlth    ++........             (no amulet)
HPRegen  0.11/turn              (no ring)
MPRegen  0.11/turn              (no ring)

@: unable to hop, attractive, slow
A: amphibious, slowness 1, strong legs 1, +LOS
a: Hop


You were on level 3 of the Dungeon.
You visited 1 branch of the dungeon, and saw 4 of its levels.

You collected 48 gold pieces.

Inventory:

Hand Weapons
 a - a +0 club
 e - a +2 vampiric dagger (weapon)
Missiles
 c - 7 stones
 d - 62 poisoned darts
Armour
 b - a +0 robe (worn)
Magical Staves
 n - a staff of conjuration
Wands
 j - a wand of digging (4)
Scrolls
 f - 2 scrolls of magic mapping {unknown}
 g - 5 scrolls of identify {unknown}
 k - 2 scrolls of enchant weapon {unknown}
 l - a scroll of immolation {unknown}
Potions
 i - 3 potions of attraction
 m - a potion of flight {unknown}


   Skills:
 - Level 2.1 Dodging
 - Level 1.7 Stealth
 - Level 2.1 Spellcasting
 - Level 3.0 Conjurations
 - Level 1.1 Transmutations
 + Level 4.8 Earth Magic


You had 4 spell levels left.
You knew the following spells:

 Your Spells              Type           Power      Damage    Failure   Level
a - Sandblast             Erth           30%        2d9       3%          1
b - Stone Arrow           Conj/Erth      24%        3d8       14%         3

Your spell library contained the following spells:

 Spells                   Type           Power      Damage    Failure   Level
 Passwall                 Tmut/Erth      7%         N/A       11%         2
 Petrify                  Tmut/Erth      9%         N/A       56%         4
 Summon Forest            Summ/Tloc      0%         N/A       100%        5
 Eringya's Noxious Bog    Tmut/Pois      1%         N/A       100%        6
 Summon Hydra             Summ           0%         N/A       100%        7


Dungeon Overview and Level Annotations

Branches:
Dungeon (4/15)
 Temple: D:4-7

Altars:


Innate Abilities, Weirdness & Mutations

You are amphibious.
You cover ground slowly.
You can hop short distances.
You have an extended range of vision and can be seen from far away.


Message History

An adder skeleton comes into view.
An iguana comes into view.
A ball python comes into view.
The ball python hisses angrily.
The iguana hisses angrily.
You hear an angry hiss.
The iguana bites you!
A ball python comes into view.
The ball python bites you. The ball python grabs you.
The ball python constricts you.
There is a stone staircase leading up here.
You escape the ball python's grasp.
The iguana bites you!
* * * LOW HITPOINT WARNING * * *
The ball python misses you. The ball python closely misses you.
You climb upwards.
There is a stone staircase leading down here.
Casting: Sandblast (safe; 2% risk of failure)
Confirm with . or Enter, or press ? or * to list all spells.
Aiming: Sandblast (safe; 2% risk of failure)
Press: ? - help, Shift-Dir - straight line, f - ball python
Aim: a ball python (77% to hit)
The blast of sand misses the ball python.
The iguana bites you.
* * * LOW HITPOINT WARNING * * *
The ball python bites you but does no damage.
The ball python grabs you.
* * * LOW HITPOINT WARNING * * *
The ball python constricts you.
Hop to where?
Press: ? - help, Dir - move target, p - ball python You escape the ball python's grasp.
Boing!
Okay, then.
It was a potion of attraction.
You feel attractive to monsters.
Unknown command.
Unknown command.
It was a potion of degeneration.
There was something very wrong with that liquid.
You feel weakened.
You feel dopey.
You feel clumsy. The iguana bites you!
You die...

#.#####...###..#####...#...
#.....#.#...##.# ###...##
#####...#.#....## ##.......
##..#.####..###..###...
#.....###..##..## ####
##.....○........######
####..#.................
##...>.#Sl..#...##.######
#..##...@##...#.##.......
#####.#...#######.#.########.
####.......### #.#.# #.
#....##..### #.#.# ##.
#..#....## #.#.#######..
##.....######## ##...........#
###.#........#####....#########
###.##.......##....####
#...###......#..####


You could see an iguana and a ball python.

Vanquished Creatures
  An iguana (D:3)
  6 adders
  A worm (D:3)
  2 dart slugs
  2 orcs (D:3)
  4 bats
  2 endoplasms (D:1)
  4 giant cockroaches
  2 goblins
  4 hobgoblins
  4 jackals (D:1)
  3 quokkas
  6 ball pythons
  A frilled lizard (D:3)
  2 kobolds
  2 rats
46 creatures vanquished.

Notes
Turn   | Place    | Note
-------+----------+-------------------------------------------
     0 | D:1      | SnakkuSnakku7 the Barachi Earth Elementalist began the
                  | quest for the Orb.
     0 | D:1      | Reached XP level 1. HP: 13/13 MP: 3/3
    75 | D:1      | Reached XP level 2. HP: 19/19 MP: 1/5
   405 | D:2      | Reached skill level 4 in Earth Magic
   442 | D:1      | Reached XP level 3. HP: 24/24 MP: 1/6
   446 | D:1      | Learned a level 3 spell: Stone Arrow
   634 | D:1      | Reached skill level 1 in Conjurations
   886 | D:2      | Reached XP level 4. HP: 24/30 MP: 3/7
  1142 | D:2      | Found a faded altar of an unknown god.
  1618 | D:3      | Reached XP level 5. HP: 29/35 MP: 2/8
  1793 | D:3      | Mangled by an iguana

Illustrated notes

Levels and vault maps discovered:
D:1:      dpeg_arrival_three_bigger_balls, layout_rooms, minmay_misc_feat_chi
D:2:      layout_basic, dilly_ecumenical_altar_fadedgnrine
D:3:      layout_rooms, interstate_on_off
D:4:      layout_basic, mainiacjoe_overflow_24_doors,
          mainiacjoe_overflow_alcove_2, minmay_hedge_maze, st_stairs_11,
          nicolae_shop_self_help

Skill      XL: |  1  2  3  4 |
---------------+-------------+-----
Earth Magic    | 4 |  4.8
Conjurations   | 2 3 |  3.0
Dodging        | |  2.1
Stealth        | |  1.7
Spellcasting   | |  2.1
Transmutations | |  1.1

Action                   |  1- 3 |  4- 6 || total
-------------------------+-------+-------++-------
Melee: Club              |    16 |       ||    16
       Dagger            |    42 |    21 ||    63
 Cast: Sandblast         |    19 |    26 ||    45
 Abil: Hop               |     1 |     1 ||     2
  Use: Potion            |       |     2 ||     2
 Stab: Sleeping          |     1 |     2 ||     3
Armor: Robe              |    14 |     3 ||    17
Dodge: Dodged            |    61 |    29 ||    90
